 Dungeon Crawl Stone Soup version 0.29-a0-82-g837932c90e (webtiles) character file.

Game seed: 10747943216357817143

4 cyrus the Skirmisher (level 1, -3/20 HPs)
             Began as a Minotaur Chaos Knight on Feb 4, 2022.
             Was a Plaything of Xom.
             Killed from afar by a dart slug (4 damage)
             ... with a slug dart
             ... on level 1 of the Dungeon.
             The game lasted 00:00:53 (106 turns).

cyrus the Skirmisher (Minotaur Chaos Knight)         Turns: 106, Time: 00:00:54

Health: -3/20      AC:  5    Str: 16    XL:     1   Next: 58%
Magic:  0/0        EV: 11    Int:  9    God:    Xom [..*...]
Gold:   0          SH:  0    Dex:  9    Spells: 0/0 levels left

rFire   . . .      SeeInvis .   a - +0 falchion (chaos)
rCold   . . .      Faith    .   (no shield)
rNeg    . . .      Spirit   .   b - +2 leather armour
rPois   .          Reflect  .   (helmet restricted)
rElec   .          Harm     .   (no cloak)
rCorr   .          Rampage  .   (no gloves)
Will    .....                   (no boots)
Stlth   +.........              (no amulet)
HPRegen 0.06/turn               (no ring)
MPRegen 0.07/turn               (no ring)

@: no status effects
A: horns 2, retaliatory headbutt
a: Renounce Religion


You were on level 1 of the Dungeon.
You worshipped Xom.
You were a toy of Xom.
You visited 1 branch of the dungeon, and saw 1 of its levels.

Inventory:

Hand Weapons
 a - a +0 falchion of chaos (weapon)
Armour
 b - a +2 leather armour (worn)


   Skills:
 + Level 3.8 Fighting
 + Level 3.7 Long Blades
 + Level 2.6 Armour
 + Level 1.1 Dodging


You couldn't memorise any spells.
You didn't know any spells.
Your spell library was empty.

Dungeon Overview and Level Annotations

Branches:
Dungeon (1/15)

Altars:


Innate Abilities, Weirdness & Mutations

You have a pair of horns on your head.
You reflexively headbutt those who attack you in melee.


Message History

The ball python grabs you. The ball python constricts you.
You closely miss the ball python. The ball python closely misses you.
The ball python constricts you. The dart slug launches a dart at you.
The slug dart hits you.
* * * LOW HITPOINT WARNING * * *
You closely miss the ball python. You headbutt the ball python.
You kill the ball python!
The dart slug bites you.
* * * LOW HITPOINT WARNING * * *
You hit the frilled lizard.
You kill the frilled lizard!
The dart slug bites you but does no damage.
Found a scroll labelled ATHIPO VEOXAE.
Things that are here:
a frilled lizard corpse; a ball python corpse
Found 22 arrows.
The dart slug launches a dart at you.
The slug dart hits you but does no damage.
The dart slug launches a dart at you. The slug dart hits you.
* * * LOW HITPOINT WARNING * * *
The dart slug launches a dart at you. The slug dart misses you.
You open the door.
A ball python comes into view.
The ball python hisses angrily.
Found a scroll labelled KEVVESKIOB and 12 gold pieces.
Found 27 stones.
The ball python bites you.
* * * LOW HITPOINT WARNING * * *
The ball python misses you.
There is an open door here.
You completely miss the ball python.
The ball python bites you but does no damage.
The ball python closely misses you.
You closely miss the ball python. You headbutt the ball python.
You kill the ball python!
The dart slug launches a dart at you. The slug dart hits you.
You die...

###.... ...... #..(..
##....# #.....+ ##+#...
#.....# ......#
..#.....####### ......#
.....?.@'..w..# ...?..#
###.....#####.##......+
#.....# #..#..(...#
#$....# ##.#.......
#.##### #w.# #. ##†## #
#..# ##.## #..#


You could see a dart slug.

Vanquished Creatures
  A hobgoblin (D:1)
  2 ball pythons (D:1)
  A bat (D:1)
  A frilled lizard (D:1)
5 creatures vanquished.

Notes
Turn   | Place    | Note
-------+----------+-------------------------------------------
     0 | D:1      | cyrus the Minotaur Chaos Knight began the quest for the
                  | Orb.
     0 | D:1      | Reached XP level 1. HP: 19/19 MP: 0/0
    94 | D:1      | HP: 1/20 [dart slug/slug dart (1)]
   103 | D:1      | HP: 1/20 [ball python (1)]
   106 | D:1      | Killed from afar by a dart slug

Illustrated notes

Levels and vault maps discovered:
D:1:      minmay_arrival_stone_box, layout_basic

Action                   || total
-------------------------++-------
Melee: Falchion          ||     9
       Headbutt          ||     3
Armor: Leather armour    ||     6
Dodge: Dodged            ||    12

Table legend: (Time is in decaauts)
 A = Elapsed time spent in this place.
 B = Non-inter-level travel time spent in this place.
 C = Inter-level travel time spent in this place.
 D = Time resting spent in this place.
 E = Time spent auto-exploring this place.
 F = Levels seen in this place.
 G = Mean time per level.
                   A        B        C        D        E       F      G
               +--------+--------+--------+--------+--------+-----+--------+
         Total |    107 |    107 |      0 |      0 |     26 |   1 |  107.0 |
       Dungeon |    107 |    107 |      0 |      0 |     26 |   1 |  107.0 |
               +--------+--------+--------+--------+--------+-----+--------+

Top non-repeatable levels by time:
     D:1: 107 daAuts
